 Dungeon Crawl Stone Soup version 0.13.1-28-g3517093 (webtiles) character file.

191 Magician the Poker (level 5, -4/42 HPs)
             Began as a Merfolk Berserker on Mar 6, 2014.
             Was a Believer of Trog.
             Slain by an orc
             ... wielding a +0,+0 orcish hand axe
              (7 damage)
             ... on Level 4 of the Dungeon.
             The game lasted 00:04:55 (732 turns).

Magician the Poker (Merfolk Berserker)               Turns: 732, Time: 00:04:55

HP  -4/42        AC  2     Str 18      XL: 5   Next:  1%
MP   4/4         EV 14     Int  6      God: Trog [**....]
Gold 75          SH  0     Dex 14      Spells:  0 memorised,  4 levels left

Res.Fire  : . . .   See Invis. : .   a - +0,-1 spear {=f}
Res.Cold  : . . .   Warding    : .   b - +0 animal skin
Life Prot.: . . .   Conserve   : .   (no shield)
Res.Poison: .       Res.Corr.  : .   (no helmet)
Res.Elec. : .       Clarity    : .   (no cloak)
Sust.Abil.: . .     Spirit.Shd : .   (no gloves)
Res.Mut.  : .       Stasis     : .   (no boots)
Res.Rott. : .       Flight     : .   (no amulet)
Saprovore : . . .                    (no ring)
                                     k - ring of wizardry

@: slightly resistant to hostile enchantments, unstealthy
A: change form in water, swift swim
a: Burn Spellbooks, Berserk, Trog's Hand, Renounce Religion


You were on level 4 of the Dungeon.
You worshipped Trog.
Trog was pleased with you.
You were not hungry.

You visited 1 branch of the dungeon, and saw 5 of its levels.

You collected 55 gold pieces.

Inventory:

Hand weapons
 a - a +0,-1 spear (weapon) {=f}
Armour
 b - a +0 animal skin (worn)
Comestibles
 c - 3 bread rations
 h - a meat ration
Scrolls
 e - a scroll of teleportation {unknown}
 f - 5 scrolls of identify {unknown}
 i - 3 scrolls of random uselessness {unknown}
 j - a scroll of curse armour {unknown}
 m - a scroll of remove curse {unknown}
Jewellery
 k - a ring of wizardry (left hand)
 n - an uncursed amulet of inaccuracy {unknown}
Potions
 d - a potion of confusion {unknown}
 g - a potion of curing {unknown}
Books
 l - a book of Battle

   Spells                             Type                      Level
   Infusion                           Charms                       1
   Shroud of Golubria                 Charms/Translocation         2
   Song of Slaying                    Charms                       2
   Spectral Weapon                    Hexes/Charms                 3
   Regeneration                       Charms/Necromancy            3
   Song of Shielding                  Charms                       4
   Trog disapproves of the use of such an item.


   Skills:
 * Level 4.2 Fighting
 + Level 5.1 Polearms
 * Level 2.4 Armour
 + Level 3.9 Dodging


You had 4 spell levels left.
You didn't know any spells.

Dungeon Overview and Level Annotations

Branches:
Dungeon (5/27)
 Temple: D:4-7

Altars:
Kikubaaqudgha
Trog
Yredelemnul


Message History

The orc is moderately wounded.
The orc barely misses you.
You completely miss the orc.
The orc is moderately wounded.
You hit the orc but do no damage.
The orc is moderately wounded.
The orc closely misses you.
You barely miss the orc.
The orc is moderately wounded.
The orc hits you with an orcish hand axe.
* * * LOW HITPOINT WARNING * * *
You closely miss the orc.
The orc is moderately wounded.
The orc closely misses you.
You hit the orc but do no damage.
The orc is moderately wounded.
You closely miss the orc.
The orc is moderately wounded.
The orc hits you with an orcish hand axe!
You die...

#### #.. .. #.#
...######.#
#.........#
#..........#
#.......@o.#
#.......##.#
....... #.#
##+#######o#######.
.......%..>........
##.#####...........
###..###### #..#
#..#


You could see an orc.

Vanquished Creatures
  A jelly (D:5)
  An iguana (D:5)
  An ogre skeleton (D:4)
  2 adders
  2 orcs
  2 bats (D:2)
  A giant cockroach (D:1)
  2 hobgoblins
  2 quokkas
  3 giant geckos
  A giant newt (D:2)
  4 goblins
  3 kobolds
  5 rats
30 creatures vanquished.

Vanquished Creatures (others)
  The ghost of matti1234 the Poker, an average MfGl of Okawaru (D:4)
1 creature vanquished.

Grand Total: 31 creatures vanquished

Notes
Turn   | Place    | Note
--------------------------------------------------------------
     0 | D:1      | Magician, the Merfolk Berserker, began the quest for the Orb.
     0 | D:1      | Reached XP level 1. HP: 18/18 MP: 0/0
   142 | D:2      | Reached XP level 2. HP: 12/24 MP: 1/1
   220 | D:2      | Found a bloodstained altar of Trog.
   232 | D:2      | Found an ancient bone altar of Kikubaaqudgha.
   322 | D:3      | Reached XP level 3. HP: 16/30 MP: 2/2
   527 | D:4      | HP: 1/30 [adder (4)]
   528 | D:4      | Acquired Trog's second power
   535 | D:4      | Found a basalt altar of Yredelemnul.
   633 | D:4      | Reached XP level 4. HP: 16/36 MP: 3/3
   659 | D:5      | Entered Level 5 of the Dungeon
   673 | D:5      | Reached skill level 5 in Polearms
   714 | D:4      | Killed matti1234's ghost
   723 | D:4      | Reached XP level 5. HP: 5/42 MP: 4/4
   732 | D:4      | Slain by an orc

Action                   |  1- 3 |  4- 6 || total
-------------------------+-------+-------++-------
Melee: Spear             |   114 |    29 ||   143
Invok: Berserk           |     1 |     1 ||     2
       Trog's Hand       |     1 |       ||     1
